 Dungeon Crawl Stone Soup version 0.22-a0-423-g4197694 (webtiles) character file.

1354 nikopol the Thaumaturge (level 8, -1/43 HPs)
             Began as a Deep Elf Fire Elementalist on May 23, 2018.
             Was an Initiate of Sif Muna.
             Slain by DEFE's ghost (11 damage)
             ... on level 6 of the Dungeon.
             The game lasted 00:16:01 (6404 turns).

nikopol the Thaumaturge (DEFE)                      Turns: 6404, Time: 00:16:02

Health: -1/43      AC:  2    Str:  5    XL:     8   Next: 37%
Magic:  5/22       EV: 13    Int: 23    God:    Sif Muna [......]
Gold:   318        SH:  0    Dex: 15    Spells: 9/24 levels left

rFire    . . .     SeeInvis .   t - +2 dagger (venom)
rCold    . . .     Gourm    .   (no shield)
rNeg     . . .     Faith    .   a - +0 robe
rPois    .         Spirit   .   (no helmet)
rElec    .         Reflect  .   (no cloak)
rCorr    .         Harm     .   (no gloves)
MR       .....                  (no boots)
Stlth    +++.......             j - amulet of regeneration
HPRegen  0.54/turn              (no ring)
MPRegen  0.18/turn              (no ring)

@: no status effects
A: no striking features
a: Renounce Religion


You were on level 6 of the Dungeon.
You worshipped Sif Muna.
Sif Muna was noncommittal.
You were not hungry.

You visited 1 branch of the dungeon, and saw 6 of its levels.

You collected 318 gold pieces.

Inventory:

Hand Weapons
 t - a +2 dagger of venom (weapon)
Armour
 a - a +0 robe (worn)
Magical Staves
 y - an uncursed staff of air
Jewellery
 j - an amulet of regeneration (around neck)
Scrolls
 b - 4 scrolls of remove curse
 f - 2 scrolls of random uselessness {unknown}
 i - a scroll of immolation {unknown}
 l - a scroll of blinking {unknown}
 m - 2 scrolls of fog {unknown}
 n - 3 scrolls of teleportation
 p - a scroll of enchant weapon {unknown}
 q - a scroll of fear {unknown}
 s - 2 scrolls of magic mapping {unknown}
 v - a scroll of amnesia {unknown}
Potions
 e - a potion of lignification
 k - a potion of curing
 o - 2 potions of agility {unknown}
 r - 4 potions of flight
 u - a potion of mutation {unknown}
 w - a potion of invisibility {unknown}
Comestibles
 c - 14 rations
 x - 8 chunks of flesh


   Skills:
 + Level 1.1 Fighting
 + Level 3.3 Dodging
 + Level 4.3 Stealth
 + Level 8.5 Spellcasting
 + Level 5.2 Conjurations
 + Level 6.8 Fire Magic


You had 9 spell levels left.
You knew the following spells:

 Your Spells              Type           Power        Failure   Level  Hunger
a - Flame Tongue          Conj/Fire      #####        1%          1    None
b - Throw Flame           Conj/Fire      #####.       1%          2    None
c - Conjure Flame         Conj/Fire      #####...     1%          3    None
d - Sticky Flame          Conj/Fire      #####...     5%          4    ##.....
e - Fireball              Conj/Fire      #####.....   16%         5    #####..

Your spell library contained the following spells:

 Spells                   Type           Power        Failure   Level  Hunger
 Inner Flame              Hex/Fire       ####....     4%          3    None


Dungeon Overview and Level Annotations

Branches:
Dungeon (6/15)
 Temple: D:4-7

Altars:
Elyvilon
Sif Muna
Trog
Xom
Yredelemnul

Shops:
D:6 [

Annotations:
D:6 DEFE's ghost, novice DrFi


Message History

Casting: Flame Tongue (safe; 1% risk of failure)
Confirm with . or Enter, or press ? or * to list all spells.
Aiming: Flame Tongue (safe; 1% risk of failure)
Press: ? - help, Shift-Dir - straight line, f/p - DEFE's ghost
Aim: DEFE's ghost (flame, heavily damaged)
The flame tongue hits DEFE's ghost.
DEFE's ghost is severely damaged.
DEFE's ghost is engulfed in blazing flames.
DEFE's ghost hits you!
* * * LOW HITPOINT WARNING * * *
Casting: Flame Tongue (safe; 1% risk of failure)
Confirm with . or Enter, or press ? or * to list all spells.
Aiming: Flame Tongue (safe; 1% risk of failure)
Press: ? - help, Shift-Dir - straight line, f/p - DEFE's ghost
Aim: DEFE's ghost (flame, severely damaged)
The flame tongue hits DEFE's ghost.
DEFE's ghost is severely damaged.
DEFE's ghost is engulfed in blazing flames.
DEFE's ghost hits you!
You die...

#.......'.........+
##...######.......#
##.# #.<..(.##
##### #.....## #.#
##...#.# #######.#
##+#...# #.....#.#
.... #.....#.# ....
#.....W@# ..#
#.....#.# .##
#.....### ###.##.
#. .. #. .## ## .#
.. ##


You could see DEFE's ghost.

Vanquished Creatures
  An orc warrior (D:3)
  3 phantoms
  An ogre (D:5)
  2 centaurs (D:5)
  Blork the orc (D:5)
  2 scorpions
  A hound (D:4)
  4 orc priests
  A bullfrog skeleton (D:4)
  Jessica (D:3)
  An iguana (D:5)
  3 orc wizards (D:3)
  2 worker ants (D:4)
  A hound skeleton (D:4)
  5 gnolls
  6 adders
  A shadow imp (D:6)
  3 oozes
  An adder zombie (D:3)
  4 worms
  5 dart slugs
  4 leopard geckos
  17 orcs
  6 bats
  2 giant cockroaches
  5 goblins
  7 hobgoblins
  8 kobolds
  A quokka (D:5)
  7 frilled lizards
  A giant cockroach zombie (D:5)
  A leopard gecko skeleton (D:4)
  A quokka skeleton (D:5)
  4 rats
113 creatures vanquished.

Notes
Turn   | Place    | Note
-------+----------+-------------------------------------------
     0 | D:1      | nikopol the Deep Elf Fire Elementalist began the quest for the Orb.
     0 | D:1      | Reached XP level 1. HP: 10/10 MP: 6/6
    83 | D:1      | Reached XP level 2. HP: 3/15 MP: 1/8
   815 | D:1      | Reached XP level 3. HP: 19/19 MP: 1/10
   819 | D:1      | Learned a level 2 spell: Throw Flame
   823 | D:1      | Learned a level 3 spell: Conjure Flame
  1278 | D:2      | Found a white marble altar of Elyvilon.
  1337 | D:2      | Reached skill level 4 in Spellcasting
  1906 | D:3      | Reached XP level 4. HP: 24/24 MP: 10/12
  2041 | D:3      | Noticed Jessica
  2043 | D:3      | Killed Jessica
  2177 | D:3      | Reached skill level 5 in Spellcasting
  2177 | D:3      | Reached XP level 5. HP: 28/28 MP: 3/14
  2716 | D:2      | Learned a level 4 spell: Sticky Flame
  3224 | D:3      | Noticed an orc warrior
  3554 | D:3      | Killed an orc warrior
  3554 | D:3      | Reached XP level 6. HP: 21/32 MP: 7/16
  3617 | D:3      | Reached skill level 6 in Spellcasting
  3759 | D:3      | Reached skill level 5 in Fire Magic
  3984 | D:4      | Learned a level 5 spell: Fireball
  4157 | D:4      | Reached XP level 7. HP: 33/36 MP: 9/18
  4312 | D:4      | Found a shimmering altar of Xom.
  4599 | D:4      | Reached skill level 7 in Spellcasting
  4976 | D:4      | Found a basalt altar of Yredelemnul.
  5028 | D:5      | Entered Level 5 of the Dungeon
  5087 | D:5      | Noticed Blork the orc
  5255 | D:5      | Killed Blork the orc
  5388 | D:5      | Reached skill level 8 in Spellcasting
  5388 | D:5      | Reached XP level 8. HP: 41/41 MP: 13/22
  5650 | D:5      | Found a deep blue altar of Sif Muna.
  5653 | D:5      | Became a worshipper of Sif Muna the Loreminder
  5663 | D:5      | Reached skill level 5 in Conjurations
  5827 | D:5      | Reached skill level 1 in Fighting
  6018 | D:5      | Found a bloodstained altar of Trog.
  6321 | D:6      | Found Onadena's Armour Boutique.
  6395 | D:6      | Noticed DEFE's ghost (novice DrFi)
  6404 | D:6      | Slain by DEFE's ghost

Vault maps used:
D:1:      evilmike_arrival_rings, solitary_fountain, minmay_misc_feat_encased
D:2:      elyvilon_altar_1
D:3:      first_ration, minmay_liquid_box, uniq_jessica
D:4:      nicolae_overflow_hidden_temple
D:5:      marbit_many_paths, lemuel_doored_altar, serial_glass, glass_columns_a,
          glass_columns_c, glass_columns_a, glass_columns_a, uniq_blork_the_orc
D:6:      vehumet_altar_wand_db, minmay_temple_entry_enclosed_plants,
          serial_shops, shop, nicolae_ru_path_of_blood, uniq_crazy_yiuf_cottage

Skill      XL: |  1  2  3  4  5  6  7  8 |
---------------+-------------------------+-----
Fire Magic     | 4 5 6 |  6.8
Spellcasting   | 4 5 6 8 |  8.5
Conjurations   | 2 3 4 5 |  5.2
Stealth        | 3 4 |  4.3
Dodging        | 3 |  3.3
Fighting       | 1 |  1.1

Action                   |  1- 3 |  4- 6 |  7- 9 || total
-------------------------+-------+-------+-------++-------
 Cast: Flame Tongue      |    54 |   101 |   101 ||   256
       Throw Flame       |     1 |    16 |     3 ||    20
       Sticky Flame      |       |     3 |     5 ||     8
       Conjure Flame     |       |     2 |     3 ||     5
       Fireball          |       |       |     4 ||     4
  Use: Scroll            |       |       |     6 ||     6
  Eat: Chunk             |     1 |     6 |     4 ||    11
       Ration            |       |     1 |     1 ||     2
Armor: Robe              |     4 |     7 |     1 ||    12
Dodge: Dodged            |    13 |    20 |    19 ||    52

Table legend:
 A = Spawn XP
 B = Non-spawn XP
 C = Spawn XP percentage of total XP
 D = Spawn monster count
 E = Non-spawn monster count
 F = Spawn count percentage of total count
 G = Total turns spent on level
                    A         B        C        D         E        F      G
               +---------+---------+-------+---------+---------+-------+---------
         Total |       0 |    1935 |   0.0 |       0 |     113 |   0.0 |  6404
               +---------+---------+-------+---------+---------+-------+---------
           D:1 |       0 |      58 |   0.0 |       0 |      24 |   0.0 |  1142
           D:2 |       0 |      35 |   0.0 |       0 |       9 |   0.0 |  1311
           D:3 |       0 |     492 |   0.0 |       0 |      35 |   0.0 |  1513
           D:4 |       0 |     594 |   0.0 |       0 |      24 |   0.0 |  1174
           D:5 |       0 |     682 |   0.0 |       0 |      15 |   0.0 |  1166
           D:6 |       0 |      74 |   0.0 |       0 |       6 |   0.0 |    98
               +---------+---------+-------+---------+---------+-------+---------
